 Dungeon Crawl Stone Soup version 0.31-a0-640-g39d97e502b (webtiles) character file.

Game seed: 10534247831470602181

7 qw the Shooter (level 2, -2/17 HPs)
             Began as a Gargoyle Hunter on Aug 27, 2023.
             Slain by a kobold
             ... wielding a +0 short sword
              (4 damage)
             ... on level 1 of the Dungeon.
             The game lasted 00:00:03 (114 turns).

qw the Shooter (Gargoyle Hunter)                     Turns: 114, Time: 00:00:03

Health: -2/17      AC:  5    Str: 14    XL:     2   Next: 0%
Magic:  2/2        EV: 11    Int:  9    God:
Gold:   30         SH:  0    Dex: 13    Spells: 1/1 levels left

rFire   . . .        a - +0 shortbow
rCold   . . .        (shield currently unavailable)
rNeg    + . .        c - +0 leather armour
rPois   inf          (no helmet)
rElec   +            (no cloak)
rCorr   .            (no gloves)
SInv    .            (no boots)
Will    .....        (no amulet)
Stlth   +            (no ring)
HPRegen 0.22/turn    (no ring)
MPRegen 0.08/turn

%: no passive effects
@: no status effects
A: sickness immunity, AC +2, negative energy resistance 1, electricity
resistance, torment resistance 1, petrification resistance
a: no special abilities


You were on level 1 of the Dungeon.
You visited 1 branch of the dungeon, and saw 1 of its levels.

You collected 30 gold pieces.


Innate Abilities, Weirdness & Mutations

You are immune to sickness and miasma.
Your stone body is resilient. (AC +2)
You are immune to poison.
You resist negative energy. (rN+)
You are resistant to electric shocks. (rElec)
You are resistant to unholy torment.
You are immune to petrification.


   Skills:
 - Level 2.1 Fighting
 + Level 4.4 Ranged Weapons
 - Level 1.5 Dodging
 - Level 1.1 Stealth


You had one spell level left.
You didn't know any spells.
Your spell library was empty.

Inventory:

Hand Weapons
 a - a +0 shortbow (weapon)
Armour
 c - a +0 leather armour (worn)
Scrolls
 b - a scroll of butterflies
Potions
 d - a potion of mutation {unknown}

Dungeon Overview and Level Annotations

Branches:
Dungeon (1/15)

Altars:


Message History

The arrow closely misses the giant cockroach.
The goblin shouts!
The endoplasm quivers.
You shoot an arrow. The arrow barely misses the kobold.
You shoot an arrow. The arrow closely misses the kobold.
The arrow hits the goblin.
You kill the goblin!
The giant cockroach waves its antennae.
You shoot an arrow.
The arrow hits the giant cockroach but does no damage.
The giant cockroach closely misses you.
You shoot an arrow.
The arrow closely misses the giant cockroach.
The arrow closely misses the kobold.
The giant cockroach bites you but does no damage.
The giant cockroach bites you. The endoplasm barely misses you.
You shoot an arrow.
The arrow completely misses the endoplasm.
The giant cockroach closely misses you. The endoplasm closely misses you.
You shoot an arrow.
The arrow completely misses the endoplasm.
The giant cockroach bites you but does no damage.
The endoplasm freezes you.
You are frozen.
The giant cockroach bites you but does no damage.
You shoot an arrow. The arrow hits the endoplasm.
You kill the endoplasm!
The giant cockroach waves its antennae.
The giant cockroach bites you but does no damage.
You have reached level 2!
You shoot an arrow. The arrow hits the kobold.
The kobold is moderately wounded.
The giant cockroach misses you.
The kobold hits you with a +0 short sword.
The giant cockroach barely misses you.
You shoot an arrow. The arrow closely misses the kobold.
The kobold hits you with a +0 short sword.
The giant cockroach bites you but does no damage.
The kobold hits you with a +0 short sword.
You die...

..... ##... ##:.. ##
#...# .# #.#.####.## .
#.......... # ...
####.......####..
.....##...............
...)..B@##............
.....#K!.........####
...$...###.......#######
.....## #..............
....# #.##.#.########
.... ......#.########
... ..#.####.#.....#. ..
###.# #..#..<..#. .. #.#
#..#.....#.


You could see a giant cockroach and a kobold.

Vanquished Creatures
  2 endoplasms (D:1)
  A goblin (D:1)
  A hobgoblin (D:1)
  2 rats (D:1)
6 creatures vanquished.

Notes
Turn   | Place    | Note
-------+----------+-------------------------------------------
     0 | D:1      | qw the Gargoyle Hunter began the quest for the Orb.
     0 | D:1      | Reached XP level 1. HP: 12/12 MP: 1/1
     0 | D:1      | 0 ||| qw: Version: 0.3-a-74-g56b0e0c
     0 | D:1      | 0 ||| qw: Game counter: 11
     0 | D:1      | 0 ||| qw: Melee chars always use a shield: true
     0 | D:1      | 0 ||| qw: God list: Okawaru
     0 | D:1      | 0 ||| qw: Allow faded altars: false
     0 | D:1      | 0 ||| qw: Do Orc after clearing Dungeon:15 true
     0 | D:1      | 0 ||| qw: Do second Lair branch before Depths: true
     0 | D:1      | 0 ||| qw: Lair rune preference: random
     0 | D:1      | 0 ||| qw: Goals: Normal
     0 | D:1      | 0 ||| PLANNING D:1-11
   113 | D:1      | Reached XP level 2. HP: 9/17 MP: 2/2
   114 | D:1      | HP: 2/17 [kobold/+0 short sword (3)]
   114 | D:1      | Slain by a kobold

Levels and vault maps discovered:
D:1:      scummos_arrival_gate, layout_rooms, supply_closet_lemuel

Action                     || total
---------------------------++-------
   Fire: Shortbow          ||    18
 Armour: Leather armour    ||     5
  Dodge: Dodged            ||     6

Table legend:
 A = Non-vault XP
 B = Vault XP
 C = Vault XP percentage of total XP
 D = Non-vault monster count
 E = Vault monster count
 F = Vault count percentage of total count
                 A         B        C        D         E       F
            +---------+---------+-------+---------+---------+-------
      Total |      10 |       0 |   0.0 |       6 |       0 |   0.0
            +---------+---------+-------+---------+---------+-------
        D:1 |      10 |       0 |   0.0 |       6 |       0 |   0.0
            +---------+---------+-------+---------+---------+-------
